 Dungeon Crawl Stone Soup version 0.19-a0-1740-g0bcaf2e (webtiles) character file.

58 Amnesiac the Cudgeler (level 4, -3/49 HPs)
             Began as an Ogre Chaos Knight on Oct 1, 2016.
             Killed from afar by Dowan (10 damage)
             ... with a puff of flame
             ... on level 5 of the Dungeon.
             The game lasted 00:01:12 (970 turns).

Amnesiac the Cudgeler (Ogre Chaos Knight)            Turns: 970, Time: 00:01:12

Health: -3/49      AC:  5    Str: 17    XL:     4   Next: 2%
Magic:  4/4        EV: 10    Int: 11    God:    Xom [*.....]
Gold:   47         SH:  0    Dex: 10    Spells: 0 memorised, 3 levels left

rFire  . . .     SeeInvis .     a - +0 mace (chaos)
rCold  . . .     Gourm    .     b - +2 robe
rNeg   . . .     Faith    .     (no shield)
rPois  .         Spirit   .     (helmet restricted)
rElec  .         Dismiss  .     (no cloak)
rCorr  .         Reflect  .     (gloves unavailable)
MR     .....     Harm     .     (boots unavailable)
Stlth  +.........               (no amulet)
                                (no ring)
                                (no ring)

@: no status effects
A: unfitting armour, tough skin 1
a: Renounce Religion


You were on level 5 of the Dungeon.
You worshipped Xom.
You were a special plaything of Xom.
You were hungry.

You visited 1 branch of the dungeon, and saw 5 of its levels.

You collected 47 gold pieces.

Inventory:

Hand Weapons
 a - a +0 mace of chaos (weapon)
Armour
 b - a +2 robe (worn)
Scrolls
 d - 2 scrolls of teleportation {unknown}
 e - a scroll of fog {unknown}
 h - a scroll of identify {unknown}
 k - a scroll of amnesia {unknown}
Potions
 i - a potion of cure mutation {unknown}
 j - a potion of degeneration {unknown}
Comestibles
 c - a bread ration
 f - a slice of pizza


   Skills:
 + Level 4.5 Fighting
 * Level 5.3 Maces & Flails
 + Level 2.7 Dodging


You had 3 spell levels left.
You didn't know any spells.

Dungeon Overview and Level Annotations

Branches:
Dungeon (5/15)
 Temple: D:4-7

Altars:
Fedhas

Annotations:
D:5 Dowan, Duvessa


Innate Abilities, Weirdness & Mutations

You are too large for most types of armour.
You have tough skin. (AC +1)


Message History

Dowan is severely wounded.
Dowan hits you with a dagger. Duvessa misses you.
You hit Dowan.
Dowan is almost dead.
Dowan hits you but does no damage.
You barely miss Dowan.
Dowan is almost dead.
Dowan mumbles some strange words.
Dowan blinks!
Duvessa hits you with a short sword.
You hit Duvessa.
Duvessa flickers and vanishes!
Deactivating autopickup; reactivate with Ctrl-A.
Something hits you.
You barely miss something. You hit something. Dowan casts a spell at you.
The puff of frost hits you!
* * * LOW HITPOINT WARNING * * *
Dowan gestures at you while chanting. The puff of flame hits you!
You die...

.... #..
....#+#.#
........#
.......#
###.....#
.....e..#
#....######.#
+............
#...#@......#
+...+.##....#
#...#+# ...#
..... .#
..###. .## #.
..


You could see Dowan.

Vanquished Creatures
  A bullfrog skeleton (D:4)
  An adder (D:2)
  3 leopard geckos
  A hobgoblin (D:1)
  4 jackals (D:3)
  A quokka (D:3)
  A ball python (D:4)
  3 bats
  4 kobolds
19 creatures vanquished.

Notes
Turn   | Place    | Note
-------+----------+-------------------------------------------
     0 | D:1      | Amnesiac the Ogre Chaos Knight began the quest for the Orb.
     0 | D:1      | Reached XP level 1. HP: 24/24 MP: 1/1
   161 | D:1      | XOM: potion effect (curing)
   277 | D:2      | Reached XP level 2. HP: 28/32 MP: 2/2
   316 | D:2      | XOM: divination: magic mapping
   343 | D:2      | XOM: potion effect (invisibility)
   371 | D:2      | Found a blossoming altar of Fedhas.
   418 | D:3      | Reached XP level 3. HP: 38/39 MP: 3/3
   510 | D:4      | Reached skill level 5 in Maces & Flails
   510 | D:4      | Reached XP level 4. HP: 40/49 MP: 4/4
   610 | D:4      | XOM: harmless Divn miscast
   658 | D:5      | Entered Level 5 of the Dungeon
   658 | D:5      | Noticed Duvessa
   658 | D:5      | Noticed Dowan
   970 | D:5      | Killed from afar by Dowan

Vault maps used:
D:1:      minmay_arrival_diagonal_passages
D:2:      nicolae_overflow_crystal_walls, first_bread, fedhas_altar_3,
          uniq_jessica
D:3:      tgw_xom, ecumenical_altar_1, minmay_liquid_box, due_unseen_surprise
D:4:      serial_shops, kennysheep_mini, cheibrodos_gnoll_hut
D:5:      old_standard_altar, grunt_temple_overflow_cloverleaf, uniq_grinder,
          uniq_duvessa

Skill      XL: |  1  2  3 |
---------------+----------+-----
Maces & Flails | 5 |  5.3
Fighting       | |  4.5
Dodging        | |  2.7

Action                   |  1- 3 |  4- 6 || total
-------------------------+-------+-------++-------
Melee: Mace              |    59 |    19 ||    78
  Use: Potion            |       |     1 ||     1
 Stab: Invisible         |     1 |       ||     1
       Sleeping          |     1 |       ||     1
       Paralysed         |     1 |       ||     1
Armor: Robe              |    19 |     2 ||    21
Dodge: Dodged            |    57 |     7 ||    64
